 Dungeon Crawl Stone Soup version 0.18-a0-1027-g814d7dd (webtiles) character file.

177685 Arkorax the Warrior (level 17, -4/168 HPs)
             Began as a Centaur Fighter on Jan 8, 2016.
             Was the Champion of the Shining One.
             Killed from afar by a shock serpent (23 damage)
             ... with a bolt of electricity
             ... on level 4 of the Snake Pit.
             The game lasted 01:06:05 (34892 turns).

Arkorax the Warrior (Centaur Fighter)              Turns: 34892, Time: 01:06:05

Health: -4/168     AC: 27    Str: 22    XL:     17   Next: 55%
Magic:  17/17      EV:  5    Int:  9    God:    the Shining One [******]
Gold:   678        SH:  0    Dex: 17    Spells: 0 memorised, 16 levels left

rFire  . . .     SeeInvis .     f - +3 halberd (freeze)
rCold  . . .     Gourm    .     Z - +9 plate armour of Resourcefulness {Dex+4}
rNeg   + + +     Faith    .     (shield currently unavailable)
rPois  +         Spirit   .     d - +2 hat {MR+}
rElec  .         Dismiss  .     x - +0 cloak
rCorr  .         Reflect  .     R - +1 pair of gloves
SustAt .         Harm     .     (no barding)
MR     ++...                    G - amulet of regeneration
Stlth  ..........               I - +5 ring of slaying
                                e - ring "Jatot" {rPois Stlth+}

@: lethally poisoned (-4 -> -5), glowing, very quick, very resistant to hostile
enchantments, extremely unstealthy
A: hooves 3, clever 1, deformed body, speed 2, tough skin 3
a: Divine Shield, Cleansing Flame, Summon Divine Warrior, Brand Weapon With Holy
Wrath, Renounce Religion


You were on level 4 of the Snake Pit.
You worshipped the Shining One.
The Shining One was exalted by your worship.
You were not hungry.

You visited 5 branches of the dungeon, and saw 30 of its levels.
You also visited: Labyrinth.

You collected 2526 gold pieces.
You spent 1848 gold pieces at shops.

Inventory:

Hand Weapons
 f - a +3 halberd of freezing (weapon)
 K - a +2 antimagic glaive
 X - a +4 triple sword of electrocution
 Y - a +1 great sword of electrocution
Missiles
 o - an exploding tomahawk (quivered)
Armour
 d - a +2 hat of magic resistance (worn)
 x - a +0 cloak (worn)
 R - a +1 pair of gloves (worn)
 Z - the +9 plate armour of Resourcefulness (worn) {Dex+4}
   (You found it in a labyrinth)

   It affects your dexterity (+4).
Jewellery
 e - the ring "Jatot" (left hand) {rPois Stlth+}
   (You bought it in a shop on level 2 of the Orcish Mines)

   [ring of stealth]

   It protects you from poison.
   It makes you more stealthy.
 G - an amulet of regeneration (around neck)
 I - a +5 ring of slaying (right hand)
 T - the ring of Yendor {+Fly rElec rC+ Str-5 Dex+5}
   (You found it on level 15 of the Dungeon)

   [ring of protection from cold]

   It affects your strength (-5).
   It affects your dexterity (+5).
   It protects you from cold.
   It insulates you from electricity.
   It lets you fly.
Wands
 r - a wand of heal wounds (5/9)
 C - a wand of disintegration (11/24)
 W - a wand of cold (9/15)
Scrolls
 h - 8 scrolls of identify
 j - 18 scrolls of remove curse
 k - 5 scrolls of amnesia
 q - 4 scrolls of teleportation
 s - a scroll of magic mapping
 t - 4 scrolls of blinking
 u - 2 scrolls of recharging
 E - a scroll of holy word
 H - 8 scrolls of enchant armour
 Q - a scroll of silence
 U - a scroll of fog
 V - 5 scrolls of fear
Potions
 b - 3 potions of brilliance
 g - 9 potions of curing
 l - a potion of haste
 p - 2 potions of agility
 v - 3 potions of resistance
 z - a potion of heal wounds
 D - 2 potions of cure mutation
 J - a potion of cancellation
 L - a potion of berserk rage
 M - 2 potions of flight
 N - a potion of magic
 O - a potion of ambrosia {unknown}
Books
 a - a book of Hinderance

   Spells                             Type                      Level
   a - Confusing Touch                Hexes                        2
   b - Confuse                        Hexes                        3
   c - Gell's Gravitas                Hexes/Translocation          3
   d - Petrify                        Transmutation/Earth          4
   e - Metabolic Englaciation         Hexes/Ice                    5
   f - Yara's Violent Unravelling     Hexes/Transmutation          5
 B - a Grand Grimoire

   Spells                             Type                      Level
   a - Monstrous Menagerie            Summoning                    7
   b - Summon Greater Demon           Summoning                    7
   c - Malign Gateway                 Summoning/Translocation      7
   d - Summon Horrible Things         Summoning                    8
   The Shining One disapproves of the use of such an item.
 F - a book of Burglary

   Spells                             Type                      Level
   a - Swiftness                      Charms/Air                   2
   b - Passwall                       Transmutation/Earth          3
   c - Passage of Golubria            Translocation                4
   d - Lee's Rapid Deconstruction     Earth                        5
   e - Darkness                       Hexes                        6
   f - Invisibility                   Hexes                        6
 S - a book of Minor Magic

   Spells                             Type                      Level
   a - Magic Dart                     Conjuration                  1
   b - Blink                          Translocation                2
   c - Call Imp                       Summoning                    2
   d - Repel Missiles                 Charms/Air                   2
   e - Slow                           Hexes                        2
   f - Conjure Flame                  Conjuration/Fire             3
   g - Mephitic Cloud                 Conjuration/Poison/Air       3
Miscellaneous
 y - a disc of storms
 P - a fan of gales
Comestibles
 c - 2 bread rations
 i - 2 beef jerkies
 m - 4 meat rations
 n - 36 fruits
 w - 9 slices of pizza
 A - 16 royal jellies


   Skills:
 + Level 19.0 Fighting
 * Level 11.6 Long Blades
 - Level 16.2 Polearms
 - Level 10.4 Armour
   Level 2.1 Shields


You had 16 spell levels left.
You didn't know any spells.

Dungeon Overview and Level Annotations

Branches:
Dungeon (15/15)            Temple (1/1) D:4            Lair (8/8) D:8
  Swamp (0/4) Lair:6        Snake (4/4) Lair:5        Slime (0/6) Lair:8
    Orc (2/2) D:12            Elf (0/3) Orc:2        Vaults (0/5) D:14
 Depths (0/5) D:15

Altars:
Ashenzari
Cheibriados
Dithmenos
Elyvilon
Fedhas
Gozag
Kikubaaqudgha
Makhleb
Nemelex Xobeh
Okawaru
Pakellas
Ru
Sif Muna
Vehumet
Xom
Yredelemnul
Zin
The Shining One
Jiyva

Shops:
D:5 :   D:11 :   D:15 *   Orc:2 =[}(   Snake:2 =

Annotations:
D:7 exclusion: downstairs
Snake:1 exclusion: Roxanne, Roxanne


Innate Abilities, Weirdness & Mutations

You have hooves in place of feet.
Armour fits poorly on your strangely shaped body.
You cover ground very quickly.
You have extremely tough skin (AC +3).
Your mind is acute. (Int +2)


Message History

The black mamba bites you but does no damage.
You impale the black mamba!! You freeze the black mamba!
You kill the black mamba!
The greater naga gestures wildly while chanting.
The greater naga seems to speed up.
A shock serpent comes into view.
You feel sick.
The shock serpent hisses angrily.
The greater naga spits poison at you. The splash of poison misses you.
You feel sick.
You feel sick.
You feel sick.
The shock serpent shoots out a bolt of lightning at you!
The bolt of electricity hits you!
* * * LOW HITPOINT WARNING * * *
You feel sick.
The shock serpent shoots out a bolt of lightning at you!
The bolt of electricity hits you!
You die...

##...............
##.................
##.................[
##...........S.......
##.............?......
##.......N.............
##........#............#
#.........###..........#
........N.# ####@.....#
..........### #......#
.............###......####
..##......................
..###.....N...............
..###.....................
.###......................
.###.......(.....((.....####
...#...##.......)....####..##


You could see a greater naga and a shock serpent.

Vanquished Creatures
  Saint Roka (Snake:3)
  Frances (D:13)
  Gastronok (D:10)
  The ghost of Zex the Severer, an adept MiFi of Okawaru (Snake:2)
  2 greater nagas
  Aizul (Snake:1)
  Louise (D:13)
  Snorg (Lair:6)
  8 vault guards (D:14)
  The ghost of Torax the Grappler, a journeyman DrTm of Okawaru (Lair:4)
  Josephine (D:9)
  A minotaur (Lab)
  An ogre mage (D:15)
  7 hydras
  7 naga warriors
  The ghost of loom the Fighter, a novice MiBe of Trog (D:10)
  15 anacondas
  5 centaur warriors
  6 death yaks
  A storm dragon zombie (D:15)
  3 orc high priests (Orc:2)
  7 naga sharpshooters
  5 shock serpents
  Sonja (D:10)
  5 skeletal warriors
  3 salamander mystics
  A shadow dragon zombie (D:15)
  4 unseen horrors
  A necromancer (D:15)
  4 naga ritualists
  6 hill giants
  Pikel (D:7)
  6 orc knights (Orc:2)
  A lindwurm (Lair:8)
  4 orc sorcerers
  2 deep elf magi
  A fire giant zombie (D:15)
  A wolf spider zombie (D:13)
  10 mana vipers
  3 manticores (D:13)
  3 griffons
  3 cyclopes
  12 salamanders
  7 ugly things
  2 guardian serpents
  Maurice (D:13)
  18 naga magi
  45 black mambas
  2 gargoyles
  A spiny frog (shapeshifter) (D:14)
  5 orange demons (D:12)
  22 spiny frogs
  A centaur skeleton (D:12)
  5 komodo dragons
  An efreet (D:13)
  A komodo dragon (shapeshifter) (D:15)
  4 fire drakes
  2 trolls
  9 polar bears (Lair:8)
  2 red devils (D:12)
  2 two-headed ogres
  2 raiju (Lair:8)
  4 slime creatures (D:12)
  A harpy skeleton (D:14)
  19 blink frogs
  A boulder beetle (Lair:8)
  4 shadows
  A water elemental (D:14)
  57 yaks
  3 vampires
  6 wraiths
  A human (D:7)
  3 wyverns
  5 hippogriffs
  7 vampire mosquitoes
  2 basilisks
  6 hungry ghosts
  15 wolves
  55 nagas
  10 wargs
  3 hell hounds (Lair:8)
  A soldier ant (D:13)
  24 water moccasins
  18 porcupines
  5 ice beasts
  26 orc warriors
  2 slaves (D:7)
  4 sky beasts
  6 necrophages (Lair:5)
  15 black bears
  A phantom (D:14)
  11 ogres
  An eye of draining (D:15)
  15 centaurs
  17 crocodiles
  2 big kobolds
  14 giant frogs
  A wyvern zombie (D:7)
  A gnoll sergeant (D:9)
  5 scorpions
  A wyvern skeleton (D:11)
  18 killer bees
  17 wights
  2 electric eels (Lair:1)
  3 lava snakes (Snake:2)
  16 crimson imps
  2 quasits
  14 orc priests
  6 centaur zombies
  22 hounds
  2 jellies
  3 giant frog skeletons
  A gnoll shaman (D:9)
  A wyvern simulacrum (D:14)
  2 giant frog zombies
  25 orc wizards
  Terence (D:2)
  6 iguanas
  9 worker ants
  36 sheep
  Robin (D:2)
  14 gnolls
  25 adders
  46 river rats
  4 shadow imps
  An adder skeleton (D:5)
  4 worms
  4 giant geckos
  70 orcs
  4 giant cockroaches
  13 goblins
  13 hobgoblins
  15 jackals
  11 kobolds
  7 quokkas
  2 ball pythons
  12 bats
  2 giant gecko skeletons
  A giant gecko zombie (D:8)
  2 giant newts
  A jackal zombie (D:5)
  A quokka skeleton (D:9)
  A quokka zombie (D:6)
  3 rats
  A butterfly (Lair:1)
  6 fungi
  A plant (Lair:7)
1106 creatures vanquished.

Vanquished Creatures (collateral kills)
  A juggernaut zombie (D:15)
  A flayed ghost (D:15)
2 creatures vanquished.

Vanquished Creatures (others)
  2 slaves (D:7)
  A wight (D:14)
  A quokka (D:8)
  5 fungi
  20 plants
29 creatures vanquished.

Grand Total: 1137 creatures vanquished

Notes
Turn   | Place    | Note
--------------------------------------------------------------
     0 | D:1      | Arkorax the Centaur Fighter began the quest for the Orb.
     0 | D:1      | Reached XP level 1. HP: 19/19 MP: 1/1
   275 | D:1      | Reached XP level 2. HP: 17/26 MP: 2/2
   821 | D:2      | Reached XP level 3. HP: 26/31 MP: 3/3
   907 | D:2      | Noticed Robin
  1220 | D:2      | Killed Robin
  1732 | D:1      | Reached skill level 4 in Fighting
  1732 | D:1      | Reached XP level 4. HP: 40/40 MP: 4/4
  2031 | D:2      | Found an opulent altar of Gozag.
  2073 | D:2      | Noticed Terence
  2084 | D:2      | Killed Terence
  2117 | D:2      | Reached XP level 5. HP: 32/47 MP: 5/5
  2474 | D:2      | Found a shattered altar of Ashenzari.
  2479 | D:2      | Found a blossoming altar of Fedhas.
  2592 | D:3      | Found a radiant altar of Vehumet.
  3028 | D:3      | Reached skill level 5 in Fighting
  3337 | D:4      | Noticed an ogre
  3844 | D:4      | Reached XP level 6. HP: 51/56 MP: 6/6
  3850 | D:4      | Found a staircase to the Ecumenical Temple.
  3914 | Temple   | Entered the Ecumenical Temple
  3997 | Temple   | Became a worshipper of the Shining One
  4720 | D:5      | Entered Level 5 of the Dungeon
  4722 | D:5      | Found Yceveosk's Book Shop.
  4750 | D:5      | Found an iron altar of Okawaru.
  4789 | D:5      | Reached skill level 6 in Fighting
  4798 | D:5      | Noticed a sky beast
  4833 | D:5      | Killed a sky beast
  4833 | D:5      | Reached skill level 5 in Polearms
  4833 | D:5      | Reached XP level 7. HP: 19/63 MP: 7/7
  5535 | D:5      | Reached * piety under the Shining One
  5689 | D:5      | Reached skill level 7 in Fighting
  5869 | D:5      | Reached XP level 8. HP: 73/73 MP: 8/8
  6568 | D:6      | Reached skill level 8 in Fighting
  6731 | D:6      | Reached ** piety under the Shining One
  7333 | D:7      | Reached skill level 9 in Fighting
  7358 | D:7      | Reached XP level 9. HP: 42/83 MP: 9/9
  7594 | D:7      | Found a sacrificial altar of Ru.
  7785 | D:7      | Noticed Pikel
  7796 | D:7      | Killed Pikel
  7985 | D:7      | Found a shimmering altar of Xom.
  8302 | D:7      | Found a deep blue altar of Sif Muna.
  8390 | D:7      | Reached skill level 10 in Fighting
  9327 | D:8      | Noticed a cyclops
  9505 | D:8      | Found a staircase to the Lair.
  9535 | D:8      | Reached XP level 10. HP: 74/94 MP: 10/10
  9781 | D:8      | Reached *** piety under the Shining One
  9792 | D:8      | Reached skill level 11 in Fighting
  9810 | D:8      | Reached skill level 10 in Polearms
 10255 | D:8      | Found a snail-covered altar of Cheibriados.
 10275 | D:8      | Found a burning altar of Makhleb.
 10323 | D:8      | Noticed a deep elf mage
 10334 | D:8      | Killed a deep elf mage
 10607 | D:8      | Found a white marble altar of Elyvilon.
 10758 | D:8      | Noticed an eight-headed hydra
 10837 | D:8      | Killed an eight-headed hydra
 11104 | D:9      | Reached skill level 12 in Fighting
 11152 | D:9      | Found a shimmering altar of Xom.
 11254 | D:9      | Reached XP level 11. HP: 98/104 MP: 11/11
 11579 | D:9      | Got a smoking leather armour
 11590 | D:9      | Identified the cursed +0 leather armour of Lethargy {rPois Str+4 Dex+3} (You found it on level 9 of the Dungeon)
 11903 | D:9      | Reached **** piety under the Shining One
 11911 | D:10     | Entered Level 10 of the Dungeon
 11979 | D:10     | Noticed Josephine
 12036 | D:9      | Killed Josephine
 12104 | D:10     | Noticed a hill giant
 12123 | D:10     | Killed a hill giant
 12123 | D:10     | Reached skill level 13 in Fighting
 12188 | D:10     | Noticed an unseen horror
 12191 | D:10     | Killed an unseen horror
 12200 | D:10     | Noticed an unseen horror
 12204 | D:10     | Killed an unseen horror
 12223 | D:10     | Noticed a hill giant
 12243 | D:10     | Killed a hill giant
 12253 | D:10     | Got a dazzling trident {pierce}
 12254 | D:10     | Identified the +9 trident of Cany {pierce, *Confuse MP+9 Int+7 SInv} (You took it off a wight on level 10 of the Dungeon)
 12322 | D:10     | Noticed loom's ghost (novice MiBe)
 12322 | D:10     | Reached ***** piety under the Shining One
 12352 | D:10     | Killed loom's ghost
 12579 | D:10     | Noticed a centaur warrior
 12580 | D:10     | Noticed Sonja
 12592 | D:10     | Killed a centaur warrior
 12653 | D:10     | Noticed Gastronok
 12678 | D:10     | Killed Sonja
 12678 | D:10     | Reached XP level 12. HP: 82/116 MP: 12/12
 12748 | D:10     | Killed Gastronok
 12748 | D:10     | Reached skill level 14 in Fighting
 13067 | Lair:1   | Entered Level 1 of the Lair of Beasts
 14365 | Lair:2   | Identified a +0 rod of shadows (9/9) (You found it on level 2 of the Lair of Beasts)
 15795 | Lair:3   | Reached skill level 15 in Fighting
 16189 | Lair:4   | Found a labyrinth entrance.
 16199 | Lab      | Entered a labyrinth
 16410 | Lab      | Noticed a minotaur
 16417 | Lab      | Killed a minotaur
 16425 | Lab      | Got a transparent plate armour
 16436 | Lab      | Identified the +9 plate armour of Resourcefulness {Dex+4} (You found it in a labyrinth)
 16471 | Lair:4   | Noticed Torax's ghost (journeyman DrTm)
 16487 | Lair:4   | Reached XP level 13. HP: 87/126 MP: 13/13
 16577 | Lair:4   | Killed Torax's ghost
 16849 | Lair:4   | Got a faintly glowing trident
 16850 | Lair:4   | Identified the cursed +0 trident "Wudghulu" {pierce, rElec rPois MP-9 Stlth-} (You found it on level 4 of the Lair of Beasts)
 16999 | Lair:5   | Found a staircase to the Snake Pit.
 17592 | Lair:5   | Reached skill level 5 in Armour
 17886 | Lair:6   | Found a staircase to the Swamp.
 18005 | Lair:6   | Noticed Snorg
 18014 | Lair:6   | Killed Snorg
 19297 | Lair:7   | Reached XP level 14. HP: 132/136 MP: 14/14
 19959 | Lair:7   | Reached skill level 16 in Fighting
 19966 | Lair:8   | Entered Level 8 of the Lair of Beasts
 20291 | Lair:8   | Found a viscous altar of Jiyva.
 20331 | Lair:8   | Found a staircase to the Slime Pits.
 20484 | Lair:8   | Reached ****** piety under the Shining One
 20595 | Lair:8   | Reached skill level 15 in Polearms
 22134 | D:11     | Found Wocuthru's Book Shoppe.
 22608 | D:12     | Reached XP level 15. HP: 145/145 MP: 15/15
 22736 | D:12     | Found a staircase to the Orcish Mines.
 23480 | D:13     | Noticed Frances
 23567 | D:13     | Killed Frances
 23631 | D:13     | Gained mutation: Your mind is acute. (Int +2) [potion of beneficial mutation]
 23835 | D:13     | Reached skill level 10 in Armour
 24137 | D:13     | Noticed Maurice
 24143 | D:13     | Killed Maurice
 24715 | D:14     | Noticed Louise
 24866 | D:13     | Killed Louise
 24866 | D:13     | Reached skill level 17 in Fighting
 24985 | D:14     | Found a gate to the Vaults.
 25712 | D:15     | Entered Level 15 of the Dungeon
 25734 | D:15     | Found Tittuz's Tempting Trifles.
 26047 | D:15     | Found a staircase to the Depths.
 26158 | D:15     | Got a wavering tin ring
 26160 | D:15     | Identified the ring of Yendor {+Fly rElec rC+ Str-5 Dex+5} (You found it on level 15 of the Dungeon)
 26200 | D:15     | Bought a +0 triple sword of electrocution for 432 gold pieces
 26238 | D:15     | Reached skill level 1 in Long Blades
 26674 | Orc:1    | Entered Level 1 of the Orcish Mines
 26834 | Orc:2    | Entered Level 2 of the Orcish Mines
 27143 | Orc:2    | Found a staircase to the Elven Halls.
 27414 | Orc:2    | Reached XP level 16. HP: 142/155 MP: 16/16
 27813 | Orc:2    | Found Bieziwne's Weapon Boutique.
 27813 | Orc:2    | Found Caofel's Gadget Shoppe.
 27815 | Orc:2    | Found Ygeum's Armour Boutique.
 27815 | Orc:2    | Found Iqukie's Jewellery Shoppe.
 27828 | Orc:2    | Bought the ring "Jatot" {rPois Stlth+} for 401 gold pieces
 27835 | Orc:2    | Bought a +1 demon blade of electrocution for 667 gold pieces
 27840 | Orc:2    | Bought a +1 great sword of electrocution for 348 gold pieces
 28165 | Snake:1  | Entered Level 1 of the Snake Pit
 28633 | Snake:1  | Reached skill level 5 in Long Blades
 28872 | Snake:1  | Noticed Roxanne
 29741 | Snake:2  | Reached skill level 18 in Fighting
 30093 | Snake:2  | Found Botupiuss's Jewellery Emporium.
 30102 | Snake:2  | Noticed Zex's ghost (adept MiFi)
 30465 | Snake:2  | Noticed Aizul
 30500 | Snake:1  | Killed Aizul
 30866 | Snake:2  | Killed Zex's ghost
 31160 | Snake:2  | HP: 4/157 [lava snake/glob of lava (20)]
 31168 | Snake:2  | HP: 5/157 [poisoned by a black mamba]
 31173 | Snake:2  | HP: 6/157 [poisoned by a black mamba]
 31178 | Snake:2  | HP: 6/157 [poisoned by a black mamba]
 32465 | Snake:3  | Noticed Saint Roka
 32554 | Snake:3  | Killed Saint Roka
 32686 | Snake:3  | Reached XP level 17. HP: 141/166 MP: 17/17
 32889 | Snake:4  | Entered Level 4 of the Snake Pit
 32918 | Snake:4  | Reached skill level 10 in Long Blades
 34421 | Snake:4  | Reached skill level 19 in Fighting
 34892 | Snake:4  | Killed from afar by a shock serpent

Vault maps used:
D:1:      lightli_arrival_statuegarden
D:2:      nicolae_overflow_hidden_temple, minmay_statues_item, st_stairs_10,
          grunt_gozag_breadcrumbs, uniq_terence, uniq_robin
D:3:      vehumet_crystals
D:4:      minmay_temple_entry_junction
D:5:      lemuel_doored_altar, first_bread, lightli_sewer_entry_pipes,
          serial_shops, shop
D:6:      st_stairs_13, minmay_crystal_room
D:7:      kennysheep_mini_moat, lemuel_round_altar, led_sif_pool,
          grunt_livestock, uniq_pikel
D:8:      minmay_diamond_stairs, elyvilon_altar_4, lightli_temple_of_fire,
          minmay_lair_entry_grove, basic_altar
D:9:      basic_altar, grunt_ministairs_12
D:10:     serial_glass, glass_columns_a, glass_columns_a, uniq_sonja,
          uniq_gastronok, uniq_josephine
D:11:     wad_woods_tower, serial_shops, shop
D:12:     david_orc_2, minmay_beelzebubs_servants
D:13:     uniq_maurice, uniq_frances
D:14:     erik_vaults_2, serial_bayou, serial_bayou_pond_d, serial_bayou_pond_d,
          serial_bayou_pond_e, serial_bayou_lagoon_a,
          onia_ninara_dug_in_and_dangerous, uniq_louise
D:15:     gammafunk_depths_entry_grave, minivault_19, nicolae_alphabet_shops
Temple:   triangle_lava_temple_11
Lair:1:   lemuel_fruit_fields, serial_bayou_shore_a, grunt_megastairs_2,
          serial_bayou_shore_b, lemuel_fruit_tree, infiniplex_staircase_pool
Lair:2:   lemuel_fruit_fields
Lair:3:   grunt_megastairs_3
Lair:4:   lab_entry_generic
Lair:5:   guppyfry_snake_entry_garden, roderic_carrion_pond
Lair:6:   minmay_swamp_entry_worms, beast_lair_carwin_10, uniq_snorg
Lair:7:   beast_lair_carwin_large_4, minivault_25, grunt_megastairs_1
Lair:8:   hangedman_lair_caniforms_friends, wormcave, slime_altar_1,
          serial_forest, infiniplex_forest_straight_4,
          infiniplex_forest_lined_3, infiniplex_forest_straight_3,
          infiniplex_forest_end_2, infiniplex_forest_end_2,
          infiniplex_forest_lined_corner, infiniplex_forest_straight_4,
          infiniplex_forest_lined_3, infiniplex_forest_clump_small,
          infiniplex_forest_end_2, hangedman_lair_generics_rect
Snake:1:  nicolae_snake_biting_tails, uniq_roxanne
Snake:2:  serial_shops, shop, nicolae_snake_squiggles,
          nicolae_snake_single_loop, nicolae_snake_lava_pool, uniq_aizul
Snake:3:  st_stairs_7, uniq_saint_roka
Snake:4:  grunt_snake_rune_serpentine_throne, hangedman_snake_corridor_cut
Orc:1:    statue_in_the_mist_lemuel, uniq_nergalle
Orc:2:    grunt_orc_tribal_feast
Lab:      labyrinth_hidden_loot, lab_statue, nicolae_lab_grate_2,
          nicolae_lab_do_over, labyrinth_skeletal_remains,
          nicolae_lab_flowing_pool

Action                   |  1- 3 |  4- 6 |  7- 9 | 10-12 | 13-15 | 16-18 || total
-------------------------+-------+-------+-------+-------+-------+-------++-------
Melee: Trident           |   135 |    11 |       |    15 |    17 |       ||   178
       Halberd           |       |   198 |   306 |   554 |  1412 |   858 ||  3328
       Great sword       |       |       |       |       |       |    12 ||    12
Throw: Tomahawk          |       |     2 |       |       |       |       ||     2
Invok: Summon Divine War |       |       |       |       |     1 |       ||     1
Evoke: Wand              |       |       |       |     4 |     5 |     5 ||    14
  Use: Scroll            |       |     6 |     5 |    14 |    15 |     3 ||    43
       Potion            |       |       |     1 |     1 |     2 |     6 ||    10
 Stab: Sleeping          |       |       |       |       |     1 |       ||     1
  Eat: Chunk             |     1 |     1 |     1 |     4 |     1 |       ||     8
       Bread ration      |     1 |     1 |     1 |     4 |     2 |     2 ||    11
       Beef jerky        |       |     1 |       |       |     7 |       ||     8
       Meat ration       |       |       |     1 |       |     2 |     3 ||     6
       Pizza             |       |       |       |     1 |       |       ||     1
